 Dungeon Crawl Stone Soup version 0.27-a0-1105-g946c659c87 (webtiles) character file.

Game seed: 7867882226080642565

6933 rjrrt the Cleaver (level 10, -1/76 HPs)
             Began as a Demonspawn Berserker on Apr 30, 2021.
             Was a High Priest of Trog.
             Slain by a vampire (8 damage)
             ... on level 10 of the Dungeon.
             The game lasted 00:17:03 (9311 turns).

rjrrt the Cleaver (Demonspawn Berserker)            Turns: 9311, Time: 00:17:04

Health: -1/76      AC: 18    Str: 20    XL:     10   Next: 80%
Magic:  10/10      EV: 16    Int:  9    God:    Trog [*****.]
Gold:   562        SH:  0    Dex: 17    Spells: 9/9 levels left

rFire    + . .     SeeInvis .   a - +1 hand axe (freeze)
rCold    . . .     Faith    .   (no shield)
rNeg     . . .     Spirit   .   j - +1 scale mail {rF+}
rPois    .         Reflect  .   e - +0 helmet
rElec    .         Harm     .   B - +0 cloak
rCorr    .         Rampage  .   (no gloves)
Will     .....                  f - +2 pair of boots
Stlth    ++........             i - amulet of the acrobat
HPRegen  0.22/turn              x - +4 ring of evasion
MPRegen  0.12/turn              z - +4 ring of protection

@: confused, on berserk cooldown, slowed, very slow
A: talons 2, thin skeletal structure 2, ignite blood 1, spiny 2
a: Renounce Religion, Berserk, Trog's Hand, Brothers in Arms


You were on level 10 of the Dungeon.
You worshipped Trog.
Trog was extremely pleased with you.
You visited 1 branch of the dungeon, and saw 10 of its levels.

You collected 650 gold pieces.
You spent 88 gold pieces at shops.

Inventory:

Hand Weapons
 a - a +1 hand axe of freezing (weapon)
 b - a +2 spear of freezing
 y - a +2 whip of freezing
Missiles
 q - 38 poisoned darts (quivered)
 D - a curare-tipped dart
 E - a throwing net
Armour
 e - a +0 helmet (worn)
 f - a +2 pair of boots (worn)
 j - a +1 scale mail of fire resistance (worn)
 B - a +0 cloak (worn)
Jewellery
 i - an amulet of the acrobat (around neck)
 x - a +4 ring of evasion (left hand)
 z - a +4 ring of protection (right hand)
Wands
 d - a wand of flame (27)
 l - a wand of acid (10)
 o - a wand of digging (3)
 r - a wand of iceblast (11)
 v - a wand of polymorph (10)
Scrolls
 p - a scroll of enchant weapon
 t - 2 scrolls of fog
 A - a scroll of teleportation
Potions
 c - 5 potions of curing
 g - a potion of invisibility
 h - 4 potions of heal wounds
 k - 3 potions of might
 m - 3 potions of cancellation
 n - 3 potions of lignification {unknown}
 s - a potion of ambrosia {unknown}
 u - 2 potions of attraction
 w - a potion of flight {unknown}
 C - a potion of mutation {unknown}


   Skills:
 + Level 6.1 Fighting
 * Level 11.9 Axes
 + Level 5.1 Armour
 + Level 5.1 Dodging
 - Level 5.0 Evocations


You had 9 spell levels left.
You didn't know any spells.
Your spell library was empty.

Dungeon Overview and Level Annotations

Branches:
Dungeon (10/15)            Temple (0/1) D:7             Orc (0/2) D:9
   Lair: D:8-11

Altars:
Elyvilon
Fedhas
Nemelex Xobeh
Qazlal
Uskayaw
The Shining One

Shops:
D:2 *

Annotations:
D:8 3 runed translucent doors, HendSelp's ghost, novice MiGl


Innate Abilities, Weirdness & Mutations

You have razor-sharp toenails.
You have a moderately thin skeletal structure. (Dex +4, Stealth++)
Your demonic aura sometimes causes spilled blood to erupt in flames You are mostly covered in sharp spines.


Message History

The orc warrior is heavily wounded.
You closely miss something. Something hits you. Something bites you.
Something draws strength from your injuries!
The orc warrior hits you with a +0 morningstar.
Unknown command.
You slash the orc warrior! You freeze the orc warrior.
You kill the orc warrior!
Trog accepts your kill.
You hit something.
Unknown command.
You miss something. Something hits you but does no damage.
Something bites you but does no damage.
Unknown command.
You hit something but do no damage.
Unknown command.
You miss something. Something closely misses you. Something bites you.
Something draws strength from your injuries!
You hit something. You freeze something. You closely miss something.
Something hits you but does no damage. Something bites you!
* * * LOW HITPOINT WARNING * * *
Something draws strength from your injuries!
You completely miss something. You closely miss something.
You hear some strange, mumbled words.
You are confused.
You feel a strong urge to attack something.
Something hits you but does no damage. Something barely misses you.
An orc comes into view. It is wielding a +0 hand axe.
Things that are here:
a +0 morningstar; a +0 chain mail; an orc corpse You are no longer berserk.
Trog's vigour flows through your veins.
You are exhausted.
You feel yourself slow down. Something closely misses you.
Something completely misses you.
You're too confused to move!
Something hits you!
* * * LOW HITPOINT WARNING * * *
Something bites you!
You die...

#.# #o# ####.#
..##.# #.##.# #
#.##.#
##.####.##.##
.........)).#####..
#.......°.{@.......
######.#.....###..
########†.......#
.........$........
######..........#.#
#.###.....## #
#######.####)..##
........<....)##
#######.........


You could see an orc (wandering).

Vanquished Creatures
  Harold (D:9)
  Erolcha (D:9)
  Pikel (D:6)
  A komodo dragon (D:10)
  3 yaks (D:9)
  Sigmund (D:3)
  A water moccasin (D:5)
  3 ice beasts (D:6)
  A swamp drake (D:9)
  3 orc warriors
  2 necrophages
  6 ogres
  3 centaurs
  A lemure (D:6)
  2 kobold brigands
  2 bullfrogs
  A scorpion (D:6)
  A water moccasin zombie (D:5)
  A water moccasin skeleton (D:5)
  8 killer bees
  9 wights
  A howler monkey (D:5)
  2 centaur zombies
  2 jellies
  11 orc priests
  2 hounds
  A centaur skeleton (D:5)
  3 gnoll shamans
  2 iguanas (D:6)
  Natasha (thrice) (D:3)
  Terence (D:3)
  A scorpion zombie (D:5)
  8 orc wizards
  2 howler monkey skeletons
  Robin (D:3)
  14 gnolls
  7 adders
  A shadow imp (D:5)
  A white imp (D:7)
  2 ufetubi
  An adder skeleton (D:5)
  A worm (D:2)
  2 dart slugs
  34 orcs
  8 endoplasms
  2 giant cockroaches
  16 goblins
  4 hobgoblins
  18 jackals
  2 quokkas
  5 ball pythons
  4 bats
  3 frilled lizards
  19 kobolds
  9 rats
245 creatures vanquished.

Notes
Turn   | Place    | Note
-------+----------+-------------------------------------------
     0 | D:1      | rjrrt the Demonspawn Berserker began the quest for the Orb.
     0 | D:1      | Reached XP level 1. HP: 18/18 MP: 1/1
   163 | D:1      | You fall into a shaft and drop 1 floor!
   174 | D:2      | Reached skill level 3 in Axes
   174 | D:2      | Gained mutation: Your demonic aura sometimes causes spilled
                  | blood to erupt in flames [demonic ancestry]
   174 | D:2      | Reached XP level 2. HP: 24/24 MP: 2/2
   398 | D:1      | Gained mutation: You have a somewhat thin skeletal
                  | structure. (Dex +2, Stealth+) [demonic ancestry]
   398 | D:1      | Reached XP level 3. HP: 28/29 MP: 3/3
   612 | D:1      | Reached skill level 4 in Axes
   822 | D:1      | Reached ** piety under Trog
   999 | D:1      | Found a faded altar of an unknown god.
  1411 | D:2      | Found Boluares's Assorted Antiques.
  1414 | D:2      | Bought 2 metallic pink potions for 43 gold pieces
  1414 | D:2      | Bought a smoky orange potion for 21 gold pieces
  1466 | D:2      | Noticed a scorpion
  1697 | D:3      | Noticed Terence
  1697 | D:3      | Noticed Robin
  1701 | D:3      | Killed Robin
  1702 | D:3      | Gained mutation: You are partially covered in sharp spines.
                  | [demonic ancestry]
  1702 | D:3      | Reached XP level 4. HP: 35/35 MP: 4/4
  1707 | D:3      | Killed Terence
  1777 | D:3      | Reached skill level 5 in Axes
  1950 | D:3      | Noticed Natasha
  1969 | D:3      | Killed Natasha
  1970 | D:3      | Gained mutation: You have sharp toenails. [demonic
                  | ancestry]
  1970 | D:3      | Reached XP level 5. HP: 20/41 MP: 5/5
  2216 | D:3      | Noticed Natasha
  2222 | D:3      | Killed Natasha
  2222 | D:3      | Reached *** piety under Trog
  2224 | D:3      | Noticed Natasha
  2230 | D:3      | Reached skill level 1 in Evocations
  2232 | D:3      | Killed Natasha
  2337 | D:3      | Noticed Sigmund
  2347 | D:3      | Killed Sigmund
  2348 | D:3      | Reached skill level 6 in Axes
  2348 | D:3      | Gained mutation: You have razor-sharp toenails. [demonic
                  | ancestry]
  2348 | D:3      | Reached XP level 6. HP: 47/47 MP: 6/6
  2911 | D:2      | Bought a scroll labelled DASOSEDESI for 24 gold pieces
  3310 | D:4      | Reached XP level 7. HP: 46/52 MP: 7/7
  3484 | D:4      | Reached skill level 7 in Axes
  3732 | D:4      | Reached **** piety under Trog
  4065 | D:5      | Entered Level 5 of the Dungeon
  4139 | D:5      | Reached skill level 8 in Axes
  4352 | D:5      | Gained mutation: You have a moderately thin skeletal
                  | structure. (Dex +4, Stealth++) [demonic ancestry]
  4352 | D:5      | Reached XP level 8. HP: 33/58 MP: 8/8
  4655 | D:5      | Reached skill level 9 in Axes
  5308 | D:6      | Reached skill level 10 in Axes
  5389 | D:6      | Noticed Pikel
  5412 | D:6      | Killed Pikel
  5413 | D:6      | Reached XP level 9. HP: 64/64 MP: 9/9
  5735 | D:6      | Found a hide-covered altar of Uskayaw.
  6092 | D:7      | Reached ***** piety under Trog
  6111 | D:7      | Found a staircase to the Ecumenical Temple.
  7310 | D:8      | Reached skill level 11 in Axes
  7420 | D:8      | Found a runed translucent gate.
  7420 | D:8      | Found a runed translucent gate.
  7420 | D:8      | Found a runed translucent gate.
  7423 | D:8      | Noticed HendSelp's ghost (novice MiGl)
  7747 | D:9      | Found a sparkling altar of Nemelex Xobeh.
  8244 | D:9      | Found a blossoming altar of Fedhas.
  8251 | D:9      | Found a stormy altar of Qazlal.
  8317 | D:9      | Gained mutation: You are mostly covered in sharp spines.
                  | [demonic ancestry]
  8317 | D:9      | Reached XP level 10. HP: 68/73 MP: 10/10
  8428 | D:9      | Reached skill level 5 in Fighting
  8461 | D:9      | Found a staircase to the Orcish Mines.
  8472 | D:9      | Reached skill level 5 in Evocations
  8819 | D:9      | Noticed Harold
  8833 | D:9      | Killed Harold
  9025 | D:9      | Noticed Erolcha
  9044 | D:9      | Killed Erolcha
  9272 | D:10     | Entered Level 10 of the Dungeon
  9286 | D:10     | Reached skill level 5 in Armour
  9286 | D:10     | Reached skill level 5 in Dodging
  9311 | D:10     | Slain by a vampire

Illustrated notes

Levels and vault maps discovered:
D:1:      dpeg_arrival_houses_and_road, layout_loops_ring,
          hellmonk_ecumenical_altar_slurped_away
D:2:      layout_basic, serial_shops, nicolae_shop_stone, lightli_corner_chamber
D:3:      layout_loops_cross, minivault_5, uniq_terence, uniq_natasha,
          uniq_sigmund, uniq_robin
D:4:      layout_basic
D:5:      layout_cave_pools
D:6:      layout_rooms, nicolae_uskayaw_suspiria, uniq_pikel
D:7:      layout_basic, minmay_temple_entry_arrows, grunt_ministairs_1
D:8:      layout_basic, gammafunk_ghost_split
D:9:      layout_roguey, grunt_temple_overflow_forces_of_nature,
          chequers_temple_overflow_statue_of_worship, erik_orc_1,
          minmay_misc_feat_rugged, uniq_harold, uniq_erolcha
D:10:     layout_loops_ring

Skill      XL: |  1  2  3  4  5  6  7  8  9 10 |
---------------+-------------------------------+-----
Axes           | 3 4 5 6 8 10 11 | 11.9
Evocations     | 2 3 4 5 |  5.0
Armour         | 2 3 5 |  5.1
Dodging        | 2 3 5 |  5.1
Fighting       | 4 6 |  6.1

Action                   |  1- 3 |  4- 6 |  7- 9 | 10-12 || total
-------------------------+-------+-------+-------+-------++-------
Melee: Hand axe          |    98 |    92 |   376 |    97 ||   663
Throw: Dart              |       |       |    10 |     1 ||    11
Invok: Berserk           |     2 |     2 |     7 |     5 ||    16
  Use: Scroll            |     2 |     3 |    14 |       ||    19
 Stab: Sleeping          |     4 |       |       |       ||     4
       Confused          |       |       |       |     1 ||     1
Armor: Animal skin       |     5 |       |       |       ||     5
       Ring mail         |     9 |     1 |       |       ||    10
       Chain mail        |       |    26 |   152 |    11 ||   189
       Scale mail        |       |       |       |    11 ||    11
Dodge: Dodged            |    52 |    42 |   226 |    50 ||   370

Table legend: (Time is in decaauts)
 A = Elapsed time spent in this place.
 B = Non-inter-level travel time spent in this place.
 C = Inter-level travel time spent in this place.
 D = Time resting spent in this place.
 E = Time spent auto-exploring this place.
 F = Levels seen in this place.
 G = Mean time per level.
                   A        B        C        D        E       F      G
               +--------+--------+--------+--------+--------+-----+--------+
         Total |   9392 |   9073 |    319 |    752 |   6389 |  10 |  939.2 |
       Dungeon |   9392 |   9073 |    319 |    752 |   6389 |  10 |  939.2 |
               +--------+--------+--------+--------+--------+-----+--------+

Top non-repeatable levels by time:
     D:9: 1547 daAuts
     D:3: 1268 daAuts
     D:4: 1139 daAuts
     D:1: 1104 daAuts
     D:5: 1005 daAuts
     D:6: 879 daAuts
     D:7: 874 daAuts
     D:8: 874 daAuts
     D:2: 670 daAuts
    D:10: 27 daAuts
